 Dungeon Crawl Stone Soup version 0.22-a0-605-g9281fa2 (webtiles) character file.

282 Amnesiac the Ducker (level 6, -1/32 HPs)
             Began as a Spriggan Transmuter on July 8, 2018.
             Slain by an orc wizard
             ... wielding a +0 dagger
              (3 damage)
             ... on level 4 of the Dungeon.
             The game lasted 00:05:37 (3298 turns).

Amnesiac the Ducker (Spriggan Transmuter)           Turns: 3298, Time: 00:05:37

Health: -1/32      AC:  2    Str:  6    XL:     6   Next: 6%
Magic:  18/22      EV: 21    Int: 16    God:
Gold:   161        SH:  0    Dex: 17    Spells: 10/13 levels left

rFire    . . .     SeeInvis +   j - +3 dagger (venom)
rCold    . . .     Gourm    .   (shield restricted)
rNeg     . . .     Faith    .   b - +0 robe
rPois    .         Spirit   .   (helmet restricted)
rElec    .         Reflect  .   (no cloak)
rCorr    .         Harm     .   (gloves unavailable)
MR       +....                  (boots unavailable)
Stlth    ++........             (no amulet)
HPRegen  0.10/turn              o - ring of magical power
MPRegen  0.18/turn              (no ring)

@: very quick
A: very small, unfitting armour, see invisible, herbivore, speed 3, slow
metabolism 2
a: no special abilities


You were on level 4 of the Dungeon.
You were full.

You visited 1 branch of the dungeon, and saw 4 of its levels.

You collected 161 gold pieces.

Inventory:

Hand Weapons
 j - a +3 dagger of venom (weapon)
Missiles
 a - 52 arrows
Armour
 b - a +0 robe (worn)
Jewellery
 o - a ring of magical power (left hand)
Scrolls
 c - a scroll of magic mapping {!r, unknown}
 e - 2 scrolls of amnesia {!r, unknown}
 f - a scroll of teleportation {!r, unknown}
 i - 3 scrolls of identify {!r}
 q - 3 scrolls of remove curse {!r}
 s - a scroll of blinking {!r, unknown}
Potions
 g - a potion of lignification {!q, unknown}
 h - a potion of mutation {!q}
 k - 2 potions of might {!q, unknown}
 l - 2 potions of curing {!q, unknown}
 m - a potion of berserk rage {!q}
 n - a potion of resistance {!q}
 p - a potion of brilliance {!q}
 r - a potion of heal wounds {!q, unknown}
 t - a potion of haste {!q, unknown}
Comestibles
 d - 8 rations


   Skills:
 + Level 2.8 Fighting
 + Level 5.6 Dodging
 - Level 3.0 Unarmed Combat
 + Level 4.0 Spellcasting
 - Level 3.5 Transmutations


You had 10 spell levels left.
You knew the following spells:

 Your Spells              Type           Power        Failure   Level  Hunger
a - Beastly Appendage     Tmut           ##....       4%          1    None
b - Sticks to Snakes      Tmut           ##......     6%          2    ##.....

Your spell library contained the following spells:

 Spells                   Type           Power        Failure   Level  Hunger
 Spider Form              Tmut/Pois      #.........   24%         3    ###....
 Blade Hands              Tmut           ##........   73%         5    ######.
 Ice Form                 Ice/Tmut       #.......     63%         4    ####...


Dungeon Overview and Level Annotations

Branches:
Dungeon (4/15)
 Temple: D:4-7

Altars:


Innate Abilities, Weirdness & Mutations

You are very small and have problems with some larger weapons.
You are too small for most types of armour.
You have supernaturally acute eyesight. (SInv)
You are a herbivore.
You cover ground extremely quickly.
You need to consume almost no food.


Message History

The magic dart hits you!
You start resting.
The orc is too close now for your liking.
The orc wizard mumbles some strange words.
The orc wizard blinks!
The orc hits you but does no damage.
Casting: Sticks to Snakes (safe; 7% risk of failure)
Confirm with . or Enter, or press ? or * to list all spells.
You create a snake!
You now have 53 arrows.
The orc misses you.
You closely miss the orc. The orc hits you but does no damage.
You barely miss the orc. The orc hits you with a dagger.
You hit the orc.
The orc is poisoned.
The orc is heavily wounded.
The orc dies!
You closely miss the jackal. The jackal barely misses you.
You closely miss the jackal.
The jackal is almost dead.
The jackal bites you but does no damage.
The jackal dies!
You swing at nothing.
You swing at nothing.
You barely miss the orc wizard. The orc wizard barely misses you.
You hit the orc wizard.
The orc wizard is lightly wounded.
The orc wizard misses you.
You hit the orc wizard but do no damage.
The orc wizard is poisoned.
The orc wizard is lightly wounded.
The orc wizard barely misses you.
You hit the orc wizard.
The orc wizard is heavily wounded.
The orc wizard closely misses your adder.
You hit the orc wizard but do no damage.
The orc wizard looks as sick as possible!
The orc wizard is heavily wounded.
The orc wizard gestures at you while chanting.
The magic dart hits you!
* * * LOW HITPOINT WARNING * * *
The orc wizard looks as sick as possible!
Your adder poisons the orc wizard!
You closely miss the orc wizard.
The orc wizard is almost dead.
You kill the orc wizard!
Your Spellcasting skill increases to level 4!
You have reached level 6!
Your experience leads to an increase in your attributes!
Increase (S)trength, (I)ntelligence, or (D)exterity?
You feel clever.
You closely miss the orc wizard. The orc wizard hits you with a dagger.
* * * LOW HITPOINT WARNING * * *
You hit the orc wizard.
The orc wizard is poisoned.
The orc wizard is moderately wounded.
The orc wizard casts a spell at you. The magic dart hits you!
* * * LOW HITPOINT WARNING * * *
The orc wizard gestures wildly while chanting.
The orc wizard seems to speed up.
Casting: Sticks to Snakes (safe; 6% risk of failure)
Confirm with . or Enter, or press ? or * to list all spells.
Okay, then.
Casting: Sticks to Snakes (safe; 6% risk of failure)
Confirm with . or Enter, or press ? or * to list all spells.
You create a snake!
You now have 52 arrows.
The orc wizard hits you with a dagger.
You die...

.># #.######.####
#.# #.# #..# ... #.#
##.# #.# #.# #.# #.#
#.# #.# #.# #.#
#.###.# #.# #.#
......####.# #.#
.....>...#.#######o#
##.#.#........S.@oS#
#.##..)....#########
##.###.##### ##.#.##
##.## ###


You could see an orc wizard, an orc and 2 friendly adders.

Vanquished Creatures
  A bullfrog (D:3)
  An orc wizard (D:4)
  An iguana (D:3)
  6 adders
  2 worms (D:3)
  6 dart slugs
  4 leopard geckos
  6 orcs (D:3)
  5 giant cockroaches
  11 goblins
  9 hobgoblins
  2 jackals (D:1)
  A quokka (D:2)
  8 bats
  7 frilled lizards
  13 kobolds
  8 rats
91 creatures vanquished.

Vanquished Creatures (collateral kills)
  2 adders (D:2)
  2 worms
  An orc (D:4)
  A jackal (D:4)
  A bat (D:3)
7 creatures vanquished.

Vanquished Creatures (others)
  4 toadstools (D:1)
4 creatures vanquished.

Grand Total: 102 creatures vanquished

Notes
Turn   | Place    | Note
-------+----------+-------------------------------------------
     0 | D:1      | Amnesiac the Spriggan Transmuter began the quest for the Orb.
     0 | D:1      | Reached XP level 1. HP: 9/9 MP: 5/5
    16 | D:1      | Reached skill level 1 in Fighting
   148 | D:1      | Reached XP level 2. HP: 12/14 MP: 4/6
   152 | D:1      | Learned a level 2 spell: Sticks to Snakes
   745 | D:1      | Reached XP level 3. HP: 13/18 MP: 8/8
  1464 | D:2      | Reached XP level 4. HP: 20/22 MP: 10/10
  1955 | D:3      | Noticed a bullfrog
  1970 | D:2      | Reached skill level 4 in Dodging
  2371 | D:3      | Killed a bullfrog
  2371 | D:3      | Reached XP level 5. HP: 7/26 MP: 4/11
  2625 | D:3      | Reached skill level 5 in Dodging
  3294 | D:4      | Reached XP level 6. HP: 12/32 MP: 13/13
  3298 | D:4      | Slain by an orc wizard

Vault maps used:
D:1:      ldierk_water_garden, minivault_24
D:2:      kennysheep_six_static_rooms, grunt_ministairs_12, minmay_tromino_v2
D:3:      grunt_ministairs_9
D:4:      first_ration

Skill      XL: |  1  2  3  4  5 |
---------------+----------------+-----
Fighting       | 1 2 |  2.8
Unarmed Combat | 3 |  3.0
Transmutations | 3 |  3.5
Spellcasting   | 3 4 |  4.0
Dodging        | 4 5 |  5.6

Action                   |  1- 3 |  4- 6 || total
-------------------------+-------+-------++-------
Melee: Unarmed           |    72 |       ||    72
       Kick              |     7 |       ||     7
       Headbutt          |     4 |       ||     4
       Dagger            |    57 |   153 ||   210
       Punch             |     1 |     1 ||     2
 Cast: Beastly Appendage |    16 |       ||    16
       Sticks to Snakes  |     4 |    13 ||    17
  Use: Scroll            |       |     7 ||     7
 Stab: Sleeping          |     3 |     4 ||     7
  Eat: Ration            |       |     3 ||     3
Armor: Robe              |     8 |    13 ||    21
Dodge: Dodged            |   100 |   116 ||   216

Table legend:
 A = Spawn XP
 B = Non-spawn XP
 C = Spawn XP percentage of total XP
 D = Spawn monster count
 E = Non-spawn monster count
 F = Spawn count percentage of total count
 G = Total turns spent on level
                    A         B        C        D         E        F      G
               +---------+---------+-------+---------+---------+-------+---------
         Total |       0 |     403 |   0.0 |       0 |      98 |   0.0 |  3298
               +---------+---------+-------+---------+---------+-------+---------
           D:1 |       0 |      46 |   0.0 |       0 |      26 |   0.0 |  1060
           D:2 |       0 |      90 |   0.0 |       0 |      35 |   0.0 |   936
           D:3 |       0 |     215 |   0.0 |       0 |      32 |   0.0 |  1202
           D:4 |       0 |      52 |   0.0 |       0 |       5 |   0.0 |   100
               +---------+---------+-------+---------+---------+-------+---------
